 Dungeon Crawl Stone Soup version 0.30-a0-341-g682706514a (webtiles) character file.

Game seed: 2222096503268593739

2938 Engwar the Conjurer (level 9, -2/71 HPs)
             Began as a Black Draconian Fire Elementalist on Nov 3, 2022.
             Was a Follower of Vehumet.
             Slain by Pikel
             ... wielding a +2 whip of freezing
              (4 damage)
             ... on level 8 of the Dungeon.
             The game lasted 00:28:06 (8175 turns).

Engwar the Conjurer (DrFE)                          Turns: 8175, Time: 00:28:06

Health: -2/71      AC:  9    Str: 10    XL:     9   Next: 51%
Magic:  1/19       EV: 12    Int: 20    God:    Vehumet [*.....]
Gold:   447        SH:  5    Dex: 18    Spells: 13/22 levels left

rFire   . . .      SeeInvis .    i - +2 dagger (venom)
rCold   . . .      Faith    .    p - +0 buckler
rNeg    . . .      Spirit   .    (body armour unavailable)
rPois   +          Reflect  .    (helmet restricted)
rElec   +          Harm     .    (no cloak)
rCorr   .          Rampage  .    q - +0 pair of gloves
Will    .....                    j - +0 pair of boots
Stlth   ++........               (no amulet)
HPRegen 0.31/turn                c - +6 ring of dexterity
MPRegen 0.16/turn                s - ring of poison resistance

@: lethally poisoned (-2 -> -5), about to teleport, short of breath, slowed,
very slow
A: breathe lightning, AC +7, unfitting armour, electricity resistance,
cold-blooded
a: Breathe Lightning, Renounce Religion


You were on level 8 of the Dungeon.
You worshipped Vehumet.
Vehumet was aware of your devotion.
You visited 2 branches of the dungeon, and saw 9 of its levels.

You collected 447 gold pieces.

Inventory:

Hand Weapons
 d - a +0 whip
 i - a +2 dagger of venom (weapon)
 m - a +3 dagger of electrocution
Missiles
 f - 5 silver boomerangs
Armour
 j - a +0 pair of boots (worn)
 p - a +0 buckler (worn)
 q - a +0 pair of gloves (worn)
 x - the +0 pair of boots of Lehoupadgh {rF- Int+4 Dex+3 Slay+3}
   (You found it on level 6 of the Dungeon)

   Int:       It affects your intelligence (+4).
   Dex:       It affects your dexterity (+3).
   Slay:      It affects your accuracy & damage with ranged weapons and melee
   (+3).
   rF:        It makes you vulnerable to fire.
Jewellery
 c - a +6 ring of dexterity (left hand)
 s - a ring of poison resistance (right hand)
 v - a +6 ring of strength
 y - a ring of magical power
Wands
 D - a wand of acid (6)
Scrolls
 l - 2 scrolls of fear
 r - a scroll of immolation
 u - a scroll of teleportation
 w - a scroll of enchant weapon
Potions
 a - a potion of magic
 b - 5 potions of curing
 e - 2 potions of ambrosia
 g - 3 potions of brilliance
 h - a potion of heal wounds
 k - 3 potions of flight
 n - 2 potions of berserk rage
 o - 3 potions of haste
 t - 2 potions of resistance
 z - a potion of attraction {unknown}
 A - a potion of might {unknown}
 B - a potion of mutation {unknown}
 C - a potion of cancellation {unknown}


   Skills:
 - Level 4.0 Fighting
 - Level 1.7 Dodging
 - Level 1.7 Stealth
 - Level 4.0 Shields
 - Level 7.0 Spellcasting
 + Level 7.8 Conjurations
 + Level 2.6 Translocations
 - Level 4.0 Fire Magic
 - Level 4.0 Air Magic


You had 13 spell levels left.
You knew the following spells:

 Your Spells              Type           Power      Damage    Failure   Level
a - Foxfire               Conj/Fire      100%       2x1d9     1%          1
b - Scorch                Fire           46%        2d7       3%          2
c - Blink                 Tloc           34%        N/A       6%          2
d - Swiftness             Air            23%        N/A       7%          3
e - Magic Dart            Conj           100%       1d8       1%          1

Your spell library contained the following spells:

 Spells                   Type           Power      Damage    Failure   Level
 Static Discharge         Conj/Air       60%        2-5/arc   1%          2
 Poisonous Vapours        Pois/Air       30%        N/A       8%          2
 Kindle Blastsparks       Fire/Tloc/Air  42%        2d13      9%          3
 Vhi's Electric Charge    Tloc/Air       40%        N/A       9%          3
 Flame Wave               Conj/Fire      30%        2d9       11%         4
 Beastly Appendage        Tmut           14%        N/A       12%         1
 Necrotise                Necr           28%        1d5       12%         1
 Sting                    Tmut/Pois      28%        1d4       12%         1
 Inner Flame              Hex/Fire       15%        N/A       16%         3
 Ensorcelled Hibernation  Hex/Ice        14%        N/A       19%         2
 Passwall                 Tmut/Erth      5%         N/A       19%         2
 Arcjolt                  Conj/Air       15%        1d25      30%         5
 Lightning Bolt           Conj/Air       15%        1d29      30%         5
 Ozocubu's Armour         Ice            7%         N/A       34%         3
 Vampiric Draining        Necr           7%         2d6       34%         3
 Manifold Assault         Tloc           17%        N/A       36%         4
 Olgreb's Toxic Radiance  Pois           7%         N/A       75%         4
 Agony                    Necr           7%         N/A       97%         5
 Ozocubu's Refrigeration  Ice            3%         4d8       100%        7
 Storm Form               Tmut/Air       7%         N/A       100%        7


Dungeon Overview and Level Annotations

Branches:
Dungeon (8/15)             Temple (1/1) D:5            Lair (0/5) D:8

Altars:
Ashenzari
Dithmenos
Elyvilon
Gozag
Kikubaaqudgha
Nemelex Xobeh
Qazlal
Ru
Sif Muna
Trog
Uskayaw
Vehumet
Wu Jian
The Shining One

Annotations:
D:3 Grinder
D:8 Pikel


Innate Abilities, Weirdness & Mutations

You can breathe wild blasts of lightning.
Your glossy black scales are hard. (AC +7)
You cannot fit into any form of body armour.
You are resistant to electric shocks. (rElec)
You are cold-blooded and may be slowed by cold attacks.


Message History

The lemure is heavily wounded.
The orb of electricity engulfs Pikel!
Pikel is heavily wounded.
The bolt of lightning misses you.
You feel very sick.
You hear a shout! x3
Casting: Scorch (safe; 3% risk of failure)
Confirm with . or Enter, or press ? or * to list all spells.
Flames lash the lemure.
The lemure is heavily wounded.
The lemure's fire resistance burns away.
You feel very sick.
You closely miss Pikel. You tail-slap Pikel.
Pikel is heavily wounded.
You feel sick. The lemure hits you!
A gnoll comes into view. It is wielding a +0 flail.
You block Pikel's attack.
You hit Pikel but do no damage. You tail-slap Pikel, but do no damage.
Pikel is heavily wounded.
You feel sick. The lemure closely misses you.
Pikel hits you with a +2 whip of freezing.
* * * LOW HITPOINT WARNING * * *
You feel yourself slow down. Pikel freezes you.
* * * LOW HITPOINT WARNING * * *
Pikel attacks as you move away! You block Pikel's attack.
You feel sick. The lemure hits you.
* * * LOW HITPOINT WARNING * * *
As you read the scroll of teleportation, it crumbles to dust.
You feel strangely unstable.
You feel yourself speed up.
You feel sick.
The lemure is no longer more vulnerable to fire.
The lemure barely misses you.
Pikel hits you with a +2 whip of freezing!
* * * LOW HITPOINT WARNING * * *
You feel yourself slow down. Pikel freezes you.
* * * LOW HITPOINT WARNING * * *
The lemure barely misses you.
Pikel hits you with a +2 whip of freezing.
You die...

.......).##
....#..#......##
.....####.....##
...# #......##
... #.......#
#..## #...#..##
#...###.....##
#...##...####
##...#K@..#
#...n55##.##
........####..#
....###.# ##.##
... #.# ##.####
.. #.# #....# .
#.# ##.#### #..
###.## ..# #..##


You could see Pikel, 2 lemures and a necrophage.

Vanquished Creatures
  A hornet (D:7)
  A wyvern (D:6)
  2 water moccasins
  Duvessa (D:5)
  2 ice beasts
  2 orc warriors
  A sky beast (D:7)
  A centaur (D:8)
  2 phantoms
  A kobold brigand (D:8)
  An ogre (D:5)
  A lemure (D:8)
  A necrophage (D:6)
  5 bullfrogs
  3 scorpions
  Dowan (D:5)
  A howler monkey (D:6)
  2 hounds (D:5)
  An orc priest (D:7)
  A gnoll bouda (D:8)
  2 jellies (D:7)
  6 iguanas
  Natasha (twice) (D:3)
  6 orc wizards
  5 gnolls (D:8)
  7 adders
  3 shadow imps
  3 white imps
  A worm (D:3)
  3 dart slugs
  18 orcs
  4 endoplasms
  4 giant cockroaches
  9 goblins
  6 hobgoblins
  6 jackals (D:4)
  2 quokkas
  2 ball pythons
  4 bats
  A frilled lizard (D:1)
  13 kobolds
  4 rats
142 creatures vanquished.

Vanquished Creatures (others)
  324 foxfires
324 creatures vanquished.

Grand Total: 466 creatures vanquished

Notes
Turn   | Place    | Note
-------+----------+-------------------------------------------
     0 | D:1      | Engwar the Draconian Fire Elementalist began the quest for
                  | the Orb.
     0 | D:1      | Reached XP level 1. HP: 14/14 MP: 3/3
   238 | D:1      | Reached XP level 2. HP: 20/20 MP: 3/5
   241 | D:1      | Learned a level 2 spell: Scorch
  1244 | D:2      | Reached XP level 3. HP: 26/26 MP: 1/6
  1247 | D:2      | Learned a level 2 spell: Blink
  1348 | D:2      | Identified the +6 chain mail of the Hunter {rElec Int+3}
  1399 | D:2      | Found a faded altar of an unknown god.
  2104 | D:3      | Reached XP level 4. HP: 33/33 MP: 5/8
  2151 | D:3      | Found a glowing golden altar of the Shining One.
  2191 | D:3      | Noticed Natasha
  2203 | D:3      | Killed Natasha
  2291 | D:3      | Noticed Grinder
  2350 | D:3      | Noticed Natasha
  2354 | D:3      | Killed Natasha
  2364 | D:3      | Learned a level 3 spell: Swiftness
  2622 | D:4      | Noticed a scorpion
  2645 | D:4      | Reached XP level 5. HP: 32/38 MP: 0/9
  2736 | D:4      | Reached skill level 1 in Air Magic
  2877 | D:4      | Noticed a phantom
  2903 | D:4      | Killed a phantom
  2904 | D:4      | Reached XP level 6. HP: 18/45 MP: 1/11
  3420 | D:5      | Entered Level 5 of the Dungeon
  3595 | D:5      | Noticed Duvessa
  3595 | D:5      | Noticed Dowan
  3607 | D:5      | Found a staircase to the Ecumenical Temple.
  3620 | Temple   | Entered the Ecumenical Temple
  3958 | D:5      | Killed Duvessa
  3959 | D:5      | Your scales start taking on a glossy black colour.
  3959 | D:5      | Reached XP level 7. HP: 48/50 MP: 2/13
  3959 | D:5      | Gained mutation: You are resistant to electric shocks.
                  | (rElec) [Black Draconian growth]
  3959 | D:5      | Killed Dowan
  3980 | D:5      | Reached skill level 1 in Shields
  3986 | D:5      | Found a shadowy altar of Dithmenos.
  4394 | D:6      | Found a radiant altar of Vehumet.
  4399 | D:6      | Became a worshipper of Vehumet
  4404 | D:6      | Reached skill level 5 in Spellcasting
  4404 | D:6      | Reached skill level 5 in Conjurations
  4438 | D:6      | Found an ancient bone altar of Kikubaaqudgha.
  4439 | D:6      | Found a shimmering blue altar of Sif Muna.
  4444 | D:6      | Got Sif Muna's Almanac of Transfiguration
  4540 | D:6      | Found a broken altar of Ashenzari.
  4590 | D:6      | Reached XP level 8. HP: 51/57 MP: 7/15
  4742 | D:6      | Identified the +0 pair of boots of Lehoupadgh {rF- Int+4
                  | Dex+3 Slay+3}
  5840 | D:7      | Noticed a hornet
  5854 | D:7      | Killed a hornet
  5855 | D:7      | Reached skill level 1 in Fighting
  6012 | D:7      | Identified the +2 robe of Morality {Harm Str-4 Dex+7 SInv}
  6170 | D:7      | Reached * piety under Vehumet
  6170 | D:7      | Offered knowledge of Magic Dart by Vehumet.
  6178 | D:7      | Learned a level 1 spell: Magic Dart
  6333 | D:7      | Found a stormy altar of Qazlal.
  6373 | D:7      | Reached XP level 9. HP: 68/68 MP: 11/18
  6733 | D:7      | Found a bloodstained altar of Trog.
  7809 | D:8      | Reached skill level 1 in Translocations
  7878 | D:8      | Found a staircase to the Lair.
  8137 | D:8      | Noticed Pikel
  8175 | D:8      | HP: 2/71 [Pikel/+2 whip of freezing (2)]
  8175 | D:8      | Slain by Pikel

Illustrated notes

Levels and vault maps discovered:
D:1:      nicolae_arrival_washed_ashore, layout_basic
D:2:      layout_basic, hellmonk_ecumenical_altar_zigzags,
          ebering_dispersal_statue_hall
D:3:      layout_rooms, tso_oasis_becter, kennysheep_cross_room,
          kennysheep_jessica_study, uniq_natasha, uniq_grinder
D:4:      layout_basic, nicolae_ossuary_entry_ruins, minmay_quadrilaterals
D:5:      layout_basic, nicolae_dithmenos_the_darkroom,
          minmay_temple_entry_junction, uniq_duvessa
D:6:      layout_cave_pods, grunt_temple_overflow_magic_moments,
          evilmike_ruin_ashenzari, hangedman_decor_growths
D:7:      layout_loops_ring, mainiacjoe_overflow_alcove_4,
          kennysheep_little_box, minivault_27
D:8:      minmay_the_grid_triangle_9x9_recursive_2
          [minmay_the_grid_triangle_9x9_prize_center,
          minmay_the_grid_triangle_9x9_swiss_cheese,
          minmay_the_grid_triangle_9x9_zippers_vertical,
          minmay_the_grid_triangle_9x9_tough_junction], layout_layer_cave,
          mainiacjoe_overflow_catch_the_wave, grunt_lair_entry_orc_guard_hut,
          minmay_misc_feat_x, serial_bayou_pond_d,
          nicolae_shop_overcharged_wands, uniq_erica, uniq_pikel
Temple:   hellmonk_temple_rainy

Skill      XL: |  1  2  3  4  5  6  7  8  9 |
---------------+----------------------------+-----
Conjurations   | 2 3 4 5 6 7 |  7.8
Spellcasting   | 3 4 5 6 7 |  7.0
Fire Magic     | 4 |  4.0
Air Magic      | 2 4 |  4.0
Shields        | 2 4 |  4.0
Fighting       | 2 4 |  4.0
Translocations | 2 |  2.6
Dodging        | |  1.7
Stealth        | |  1.7

Action                   |  1- 3 |  4- 6 |  7- 9 || total
-------------------------+-------+-------+-------++-------
Melee: Dagger            |     3 |    30 |    61 ||    94
       Tailslap          |       |     3 |     8 ||    11
 Cast: Foxfire           |    52 |    36 |   108 ||   196
       Scorch            |     4 |    25 |    70 ||    99
       Magic Dart        |       |       |    14 ||    14
 Abil: Breathe Lightning |       |       |     2 ||     2
  Use: Scroll            |     1 |     8 |     9 ||    18
       Potion            |       |     1 |       ||     1
 Stab: Sleeping          |       |       |     1 ||     1
Armor: Skin              |    11 |    31 |    52 ||    94
Dodge: Dodged            |    21 |    39 |    78 ||   138
Block: Buckler           |       |       |    32 ||    32

Table legend: (Time is in decaauts)
 A = Elapsed time spent in this place.
 B = Non-inter-level travel time spent in this place.
 C = Inter-level travel time spent in this place.
 D = Time resting spent in this place.
 E = Time spent auto-exploring this place.
 F = Levels seen in this place.
 G = Mean time per level.
                   A        B        C        D        E       F      G
               +--------+--------+--------+--------+--------+-----+--------+
         Total |   8194 |   8005 |    189 |    758 |   5632 |   9 |  910.4 |
       Dungeon |   8172 |   7983 |    189 |    758 |   5632 |   8 | 1021.5 |
        Temple |     21 |     21 |      0 |      0 |      0 |   1 |   21.0 |
               +--------+--------+--------+--------+--------+-----+--------+

Top non-repeatable levels by time:
     D:6: 1428 daAuts
     D:7: 1378 daAuts
     D:1: 1082 daAuts
     D:4: 1054 daAuts
     D:8: 1054 daAuts
     D:5: 875 daAuts
     D:2: 696 daAuts
     D:3: 602 daAuts
  Temple: 21 daAuts
